cohdb
Replays
Latest Replays
All Replays
Popular Replays
Top Player Replays
Match Explorer
How It Works
Community
CoH3 Stats
Reddit
Sign in to upload your games and track your stats! →
Sign in with Steam
Match 44444965
Unlisted
Match 44444965
Overview
Messages
Build Orders
End
Engineer Squad
Construct Barracks
Selects Heavy Weapons
M1 Mortar Team
Riflemen Squad
Mechanized Support Center
.30 cal Machine Gun
Construct Weapon Support Center
Selects Assault Carriers
M3 Assault Carrier
M3 Assault Carrier
M3 Assault Carrier
Selects Exchangeable Parts
Improvised Armor
Salvage Crew
Bazooka Squad
Bazooka Squad
Improved M9 Bazooka Rockets
Engineer Squad
Selects M2HB .50cal Heavy Machine Gun
Long Gully Library
Jdog24
Orcinus orca
GKG.6
Joraad
Jack_Daniels
timmyo1981
正子
0
0
Comments
sign in to comment!
No comments posted yet!